 Dungeon Crawl Stone Soup version 0.22-a0-833-g8522bf8 (webtiles) character file.

58 theanonym the Chopper (level 3, -1/28 HPs)
             Began as a Mummy Warper on July 25, 2018.
             Slain by an ooze (2 damage)
             ... on level 2 of the Dungeon.
             The game lasted 00:01:51 (2256 turns).

theanonym the Chopper (Mummy Warper)                Turns: 2256, Time: 00:01:51

Health: -1/28      AC:  3    Str: 15    XL:     3   Next: 75%
Magic:  7/7        EV: 11    Int: 12    God:
Gold:   123        SH:  0    Dex: 11    Spells: 7/7 levels left

rFire    x . .     SeeInvis .   a - +0 hand axe
rCold    + . .     Gourm    .   (no shield)
rNeg     + + +     Faith    .   b - +0 leather armour
rPois    ∞         Spirit   .   (no helmet)
rElec    .         Reflect  .   (no cloak)
rCorr    .         Harm     .   (no gloves)
MR       .....                  (no boots)
Stlth    +.........             (no amulet)
HPRegen  0.09/turn              (no ring)
MPRegen  0.10/turn              (no ring)

@: very slightly contaminated
A: no food or potions, fire vulnerability, cold resistance 1, negative energy
resistance 3, torment resistance, unbreathing
a: no special abilities


Innate Abilities, Weirdness & Mutations

You do not eat or drink.
Your flesh is vulnerable to fire.
You are immune to poison.
Your flesh is cold resistant. (rC+)
You are immune to negative energy. (rN+++)
You are immune to unholy pain and torment.
You can survive without breathing.


   Skills:
 + Level 2.8 Fighting
 * Level 2.9 Axes
 - Level 0.7 Throwing
 - Level 0.7 Armour
 - Level 1.5 Dodging
 - Level 2.6 Spellcasting
   Level 2.4 Translocations


You had 7 spell levels left.
You didn't know any spells.
Your spell library contained the following spells:

 Spells                   Type           Power        Failure   Level  Hunger
 Teleport Other           Tloc           #.......     34%         3    N/A
 Blink                    Tloc           N/A          17%         2    N/A
 Passage of Golubria      Tloc           N/A          75%         4    N/A
 Shroud of Golubria       Chrm/Tloc      #.........   28%         2    N/A
 Gell's Gravitas          Tloc           #.........   34%         3    N/A
 Lesser Beckoning         Tloc           #.........   34%         3    N/A

Skill      XL: |  1 |
---------------+----+-----
Axes           | 2 |  2.9
Fighting       | |  2.8
Throwing       | |  0.7
Armour         | |  0.7
Dodging        | |  1.5
Spellcasting   | |  2.6
Translocations | |  2.4

Action                   || total
-------------------------++-------
Melee: Hand axe          ||   141
Throw: Tomahawk          ||     2
  Use: Scroll            ||     3
Armor: Leather armour    ||    51
Dodge: Dodged            ||   116

Inventory:

Hand Weapons
 a - a +0 hand axe (weapon)
Missiles
 e - 3 tomahawks of dispersal (quivered)
Armour
 b - a +0 leather armour (worn)
 d - a +0 pair of gloves
   (You found it on level 1 of the Dungeon)
Wands
 i - a wand of polymorph (21)
   (You found it on level 2 of the Dungeon)
Scrolls
 g - a scroll of enchant weapon {unknown}
 h - a scroll of identify {unknown}


You were on level 2 of the Dungeon.
You were not hungry.

You visited 1 branch of the dungeon, and saw 2 of its levels.

You collected 123 gold pieces.

Dungeon Overview and Level Annotations

Branches:
Dungeon (2/15)

Altars:

##***,*#.######## #.#.#### #.##.
..,,,,*##..)...## #.#....####....
..,,w.#########'###.#........###.
###*#.##÷....÷.P.##.#..........[.
...,#.##...÷...J.##.#.#......###.
...,#.##÷P...J.JJ##.#.###.##.....
....#.##.P...JJJJ##.#.....##.####
....#.##.÷....÷PJ##.#............
......##%P...P.J@##..........####
.....<#############.#...#.##.....
##....#*********###.#...#.##.....
#.....,,,,,,,,*#...#...#.#######
*#...#.#*****,,,#.#.#...###
.....,..* *,#.#.#.#...#.####**
.....,..# *,#.#.............,*
.....,..# *,#.P♣........#,*,**
≈...!,..# #,#.≈♣≈P##..#.#,,,*


You could see 3 jellies and 7 oozes.

Notes
Turn   | Place    | Note
-------+----------+-------------------------------------------
     0 | D:1      | theanonym the Mummy Warper began the quest for the Orb.
     0 | D:1      | Reached XP level 1. HP: 16/16 MP: 4/4
    56 | D:1      | HP: 8/16 [leopard gecko (5)]
   387 | D:1      | Reached skill level 2 in Axes
   416 | D:1      | HP: 6/16 [dart slug/slug dart (3)]
   421 | D:1      | Reached XP level 2. HP: 7/22 MP: 5/5
  1196 | D:2      | HP: 11/23 [adder (3)]
  1200 | D:2      | Reached XP level 3. HP: 8/28 MP: 7/7
  1746 | D:2      | HP: 12/28 [worm (6)]
  1752 | D:2      | HP: 3/28 [worm (9)]
  2252 | D:2      | HP: 11/28 [acid (4)]
  2253 | D:2      | HP: 4/28 [ooze (3)]
  2253 | D:2      | HP: 1/28 [ooze (1)]
  2256 | D:2      | Slain by an ooze

Vanquished Creatures
  An adder (D:2)
  A worm (D:2)
  A dart slug (D:1)
  2 leopard geckos
  4 bats
  3 giant cockroaches (D:2)
  5 goblins
  5 hobgoblins
  3 jackals (D:2)
  10 kobolds
  2 rats
37 creatures vanquished.

Vanquished Creatures (others)
  9 toadstools (D:2)
9 creatures vanquished.

Grand Total: 46 creatures vanquished

Table legend:
 A = Turns spent in this place as a percentage of turns spent in the entire game.
 B = Non-inter-level travel turns spent in this place as a percentage of non-inter-level travel turns spent in the entire game.
 C = Inter-level travel turns spent in this place as a percentage of turns spent in this place.
 D = Turns resting spent in this place as a percentage of non-inter-level travel turns spent in this place.
 E = Turns spent auto-exploring this place as a percentage of non-inter-level travel turns spent in this place.
 F = Non-inter-level travel turns spent in this place divided by the number of levels of this place that you've seen.
                   A       B       C       D       E      F
               +-------+-------+-------+-------+-------+----------------------
         Total | 100.0 | 100.0 |   2.8 |  51.3 |  36.2 | 1096.0
       Dungeon | 100.0 | 100.0 |   2.8 |  51.3 |  36.2 | 1096.0
               +-------+-------+-------+-------+-------+----------------------
